 Dungeon Crawl Stone Soup version 0.29.1-12-g30fa7ad0bf (webtiles) character file.

Game seed: 18356402969598042342

75 safid the Chiller (level 4, -4/30 HPs)
             Began as a Merfolk Ice Elementalist on Jan 13, 2023.
             Slain by a hobgoblin (6 damage)
             ... led by Robin
             ... on level 2 of the Dungeon.
             The game lasted 00:06:57 (2758 turns).

safid the Chiller (Merfolk Ice Elementalist)        Turns: 2758, Time: 00:06:57

Health: -4/30      AC:  2    Str:  8    XL:     4   Next: 31%
Magic:  1/8        EV: 12    Int: 16    God:
Gold:   107        SH:  0    Dex: 14    Spells: 5/9 levels left

rFire   . . .      SeeInvis .   j - staff of conjuration
rCold   . . .      Faith    .   (no shield)
rNeg    . . .      Spirit   .   a - +0 robe
rPois   .          Reflect  .   (no helmet)
rElec   .          Harm     .   (no cloak)
rCorr   .          Rampage  .   (no gloves)
Will    .....                   (no boots)
Stlth   ++........              (no amulet)
HPRegen 0.10/turn               (no ring)
MPRegen 0.11/turn               (no ring)

@: invisible
A: (nimble swimmer 2), mertail
a: no special abilities


You were on level 2 of the Dungeon.
You visited 1 branch of the dungeon, and saw 2 of its levels.

You collected 107 gold pieces.

Inventory:

Hand Weapons
 f - a +0 quarterstaff
Missiles
 e - 5 poisoned darts
 h - 4 curare-tipped darts
 k - a throwing net
Armour
 a - a +0 robe (worn)
Magical Staves
 j - a staff of conjuration (weapon)
Scrolls
 c - a scroll of immolation {unknown}
 d - a scroll of enchant armour {unknown}
 i - a scroll of enchant weapon {unknown}
 l - 2 scrolls of identify {unknown}
Potions
 b - 2 potions of magic


   Skills:
 - Level 2.6 Dodging
 - Level 2.1 Stealth
 + Level 3.2 Spellcasting
 + Level 5.4 Ice Magic


You had 5 spell levels left.
You knew the following spells:

 Your Spells              Type           Power      Damage    Failure   Level
a - Freeze                Ice            76%        1d9       1%          1
b - Frozen Ramparts       Ice            38%        1d6       6%          3

Your spell library contained the following spells:

 Spells                   Type           Power      Damage    Failure   Level
 Ozocubu's Armour         Ice            19%        N/A       6%          3
 Sublimation of Blood     Necr           2%         N/A       28%         2
 Wereblood                Tmut           2%         N/A       28%         2
 Hailstorm                Conj/Ice       16%        3d6       52%         4
 Summon Hydra             Summ           1%         N/A       100%        7


Dungeon Overview and Level Annotations

Branches:
Dungeon (2/15)

Altars:
Gozag


Innate Abilities, Weirdness & Mutations

((You are very nimble when in or above water. (Stealth+, EV+, Speed+++)))
Your lower body shifts to a powerful aquatic tail in water.


Message History

You hit Robin but do no damage.
Robin is severely wounded.
Robin hits you with a +0 short sword.
Unknown command.
Casting: Freeze (safe; 1% risk of failure)
Confirm with . or Enter, or press ? or * to list all spells.
You don't have enough magic to cast this spell.
Unknown command.
You hit Robin but do no damage.
Robin is severely wounded.
Robin throws the goblin at you! The goblin hits you with a +0 dagger.
Unknown command.
You hit Robin.
You kill Robin!
The goblin hits you but does no damage.
Unknown command.
Casting: Freeze (safe; 1% risk of failure)
Confirm with . or Enter, or press ? or * to list all spells.
You don't have enough magic to cast this spell.
Unknown command.
You hit the hobgoblin but do no damage.
The hobgoblin hits you but does no damage.
The goblin misses you.
Unknown command.
You hit the goblin.
The goblin is heavily wounded.
The hobgoblin hits you! The goblin hits you with a +0 dagger.
The hobgoblin hits you. The goblin hits you but does no damage.
Unknown command.
You barely miss the goblin.
The goblin is moderately wounded.
The hobgoblin hits you.
* * * LOW HITPOINT WARNING * * *
The goblin hits you with a +0 dagger.
* * * LOW HITPOINT WARNING * * *
Unknown command.
It was a potion of invisibility.
You fade into invisibility!
The hobgoblin hits you.
You die...

######## #......# # #.#
#.# ####.#g####.#######
#.....gg@.......#.## #
#.##.#g##g#..##....##
#.##.##.#.##.#..##.....##
#.....>.#...............#
#.#######.#####.....##
#...# #.# #....## ###.#
#.......#.## #####.#
#########.# #.....# #.#


You could see a hobgoblin (strong, unable to see you) and 4 goblins.

Vanquished Creatures
  Robin (D:2)
  An adder (D:2)
  A dart slug (D:2)
  3 endoplasms
  A giant cockroach (D:1)
  6 goblins
  7 hobgoblins
  7 jackals (D:2)
  6 kobolds
  2 quokkas (D:2)
  4 ball pythons
  5 bats
  2 frilled lizards
  2 rats (D:1)
48 creatures vanquished.

Notes
Turn   | Place    | Note
-------+----------+-------------------------------------------
     0 | D:1      | safid the Merfolk Ice Elementalist began the quest for the
                  | Orb.
     0 | D:1      | Reached XP level 1. HP: 13/13 MP: 3/3
   384 | D:1      | Reached XP level 2. HP: 16/19 MP: 1/5
   726 | D:1      | Found a faded altar of an unknown god.
  1416 | D:2      | Reached XP level 3. HP: 13/24 MP: 4/6
  1426 | D:2      | Reached skill level 5 in Ice Magic
  1729 | D:2      | Noticed Robin
  1800 | D:1      | Learned a level 3 spell: Frozen Ramparts
  2477 | D:2      | Found an opulent altar of Gozag.
  2552 | D:2      | Reached XP level 4. HP: 22/30 MP: 6/8
  2754 | D:2      | Killed Robin
  2758 | D:2      | Slain by a hobgoblin

Illustrated notes

Levels and vault maps discovered:
D:1:      amcnicky_arrival_wind_blow, layout_basic,
          shapermc_ecumenical_altar_totnotflames, st_stairs_4
D:2:      layout_loops_cross, basic_altar, nicolae_elevator_lobby_asterisk,
          uniq_robin

Skill      XL: |  1  2  3 |
---------------+----------+-----
Ice Magic      | 5 |  5.4
Spellcasting   | 3 |  3.2
Dodging        | |  2.6
Stealth        | |  2.1

Action                   |  1- 3 |  4- 6 || total
-------------------------+-------+-------++-------
Melee: Quarterstaff      |    24 |       ||    24
       Staff             |    32 |    14 ||    46
 Cast: Freeze            |    46 |     6 ||    52
       Frozen Ramparts   |       |     2 ||     2
  Use: Potion            |       |     1 ||     1
Armor: Robe              |    24 |     6 ||    30
Dodge: Dodged            |    72 |    10 ||    82
